 Dungeon Crawl Stone Soup version 0.27.1-34-g3ba077fa99 (webtiles) character file.

Game seed: 2168536465234312305

4493 Flarelocke the Ruffian (level 10, -2/100 HPs)
             Began as a Troll Fighter on Jan 11, 2022.
             Was a Priest of Wu Jian.
             Slain by a wight (12 damage)
             ... on level 9 of the Dungeon.
             The game lasted 00:16:22 (6118 turns).

Flarelocke the Ruffian (Troll Fighter)              Turns: 6118, Time: 00:16:23

Health: -2/100     AC:  8    Str: 33    XL:     10   Next: 16%
Magic:  9/9        EV: 14    Int:  4    God:    Wu Jian [***...]
Gold:   342        SH: 11    Dex: 11    Spells: 9/9 levels left

rFire    . . .     SeeInvis .     - Unarmed
rCold    . . .     Faith    .   b - +0 kite shield
rNeg     . . .     Spirit   .   x - +0 acid dragon scales
rPois    .         Reflect  .   (helmet restricted)
rElec    .         Harm     .   (no cloak)
rCorr    +         Rampage  .   (gloves unavailable)
Will     .....                  (boots unavailable)
Stlth    +.........             (no amulet)
HPRegen  1.26/turn              a - +6 ring of strength
MPRegen  0.11/turn              t - +4 ring of evasion

@: mighty
A: large, unfitting armour, claws 3, regeneration 1, shaggy fur 1, tough skin 1
a: Renounce Religion, Wall Jump, Serpent's Lash


You were on level 9 of the Dungeon.
You worshipped Wu Jian.
Wu Jian was most pleased with you.
You visited 2 branches of the dungeon, and saw 10 of its levels.

You collected 342 gold pieces.

Inventory:

Armour
 b - a +0 kite shield (worn)
 r - a +2 robe of fire resistance
 x - +0 acid dragon scales (worn)
Jewellery
 a - a +6 ring of strength (left claw)
 t - a +4 ring of evasion (right claw)
 u - a ring of magical power
Wands
 i - a wand of iceblast (18)
 y - a wand of acid (21)
 z - a wand of polymorph (6)
Scrolls
 e - a scroll of enchant armour {unknown}
 f - 6 scrolls of teleportation {unknown}
 g - 6 scrolls of identify {unknown}
 h - a scroll of amnesia {unknown}
 k - a scroll of fear {unknown}
 n - a scroll of magic mapping {unknown}
 q - a scroll of enchant weapon {unknown}
Potions
 d - 4 potions of flight {unknown}
 j - 3 potions of haste
 l - 7 potions of curing {unknown}
 m - a potion of cancellation {unknown}
 o - 2 potions of heal wounds {unknown}
 p - 2 potions of mutation {unknown}
 s - 2 potions of attraction {unknown}
 v - a potion of degeneration {unknown}
 w - 2 potions of ambrosia {unknown}
 A - a potion of lignification {unknown}


   Skills:
 + Level 6.5 Fighting
 + Level 3.0 Armour
 + Level 6.4 Dodging
 + Level 6.5 Shields
 + Level 7.4 Unarmed Combat


You had 9 spell levels left.
You didn't know any spells.
Your spell library contained the following spells:

 Spells                   Type           Power      Damage    Failure   Level
 Sting                    Tmut/Pois      0%         1d3       75%         1
 Poisonous Vapours        Pois/Air       0%         N/A       86%         2
 Ignite Poison            Fire/Tmut/Pois 0%         N/A       98%         3
 Mephitic Cloud           Conj/Pois/Air  0%         N/A       98%         3
 Olgreb's Toxic Radiance  Pois           0%         N/A       100%        4
 Bolt of Magma            Conj/Fire/Erth 0%         4d4       100%        5


Dungeon Overview and Level Annotations

Branches:
Dungeon (9/15)             Temple (1/1) D:4            Lair (0/6) D:9
    Orc (0/2) D:9

Altars:
Ashenzari
Cheibriados
Dithmenos
Elyvilon
Fedhas
Gozag
Hepliaklqana
Kikubaaqudgha
Makhleb
Nemelex Xobeh
Okawaru
Qazlal
Ru
Sif Muna
Trog
Uskayaw
Vehumet
Wu Jian
Xom
Yredelemnul
Zin
The Shining One

Shops:
D:2 *   D:4 =   D:9 =

Annotations:
D:8 exclusion: statue


Innate Abilities, Weirdness & Mutations

You are too large for most types of armour.
You have claws for hands.
Your natural rate of healing is unusually fast.
You are covered in fur. (AC +1)
You have tough skin. (AC +1)


Message History

The two-headed ogre is heavily wounded.
A nearby fungus withers and dies.
The two-headed ogre closely misses you. The two-headed ogre barely misses you.
You barely miss the two-headed ogre.
The two-headed ogre is heavily wounded.
You block the two-headed ogre's attack. x2
You claw the two-headed ogre!
The two-headed ogre is severely wounded.
You scratch the two-headed ogre but do no damage.
The two-headed ogre is severely wounded.
The two-headed ogre completely misses you.
The two-headed ogre hits you with a +0 giant club!!
* * * LOW HITPOINT WARNING * * *
You feel very mighty all of a sudden.
A water moccasin comes into view.
You block the two-headed ogre's attack. x2
The water moccasin hisses angrily.
You mangle the two-headed ogre!!
You kill the two-headed ogre!
The Council accepts your kill.
Your life force feels restored.
Your Armour skill increases to level 3!
You closely miss the wight. You block the wight's attack.
You scratch the wight.
The wight is moderately damaged.
You mangle the wight!!
You destroy the wight!
The Council accepts your kill. The wight closely misses you.
You barely miss the wight.
The wight is severely damaged.
You block the wight's attack. The wight misses you.
You block the wight's attack.
You closely miss the wight.
The wight is severely damaged.
You block the wight's attack.
The wight hits you from afar with a +6 spear.
* * * LOW HITPOINT WARNING * * *
The wight hits you with a +5 battleaxe!
You die...

....#.....#
#..................
#####.....# #..............
..........# #.......#######
..........# #.......#
###.......######......#
#.......##≈≈≈##.....# ##
#......##≈≈.≈≈##....##...
#......##≈...≈≈#D......P.
#...#'##≈.....@z{l....P..
......#..#≈≈...≈z#z........
......#..#)≈≈.≈≈##......P.P
......#...##≈≈≈##......P...
##... #....#####........P..
#.. #.<..# .....z..PP....
###+##...............
........P..P....
......##.......>


You could see a komodo dragon, an acid dragon and 3 wights.

Vanquished Creatures
  2 two-headed ogres (D:9)
  A shadow (D:7)
  Sigmund (D:2)
  Menkaure (D:6)
  An acid dragon (D:8)
  A water moccasin (D:9)
  A hornet zombie (D:7)
  2 orc warriors (D:8)
  A sky beast (D:8)
  An ice beast (D:6)
  2 black bears
  An ogre (D:4)
  A centaur (D:8)
  3 phantoms (D:9)
  3 kobold brigands
  Blork the orc (D:5)
  3 bullfrogs
  A scorpion (D:6)
  A wyvern zombie (D:7)
  2 troll zombies (D:9)
  A wight (D:9)
  3 centaur zombies
  A jelly (D:6)
  4 hounds
  4 orc priests
  A gnoll shaman (D:8)
  Natasha (thrice) (D:2)
  2 orc wizards
  A killer bee zombie (D:7)
  6 ogre zombies (D:9)
  8 gnolls (D:8)
  6 adders
  A howler monkey skeleton (D:7)
  A shadow imp (D:6)
  2 white imps
  3 worms
  4 dart slugs
  24 orcs
  4 ball pythons
  5 endoplasms
  3 goblins
  5 hobgoblins
  10 jackals
  17 kobolds
  7 quokkas
  4 bats
  2 frilled lizards (D:1)
  A goblin zombie (D:9)
  4 hobgoblin zombies (D:9)
  5 orc skeletons (D:9)
  14 orc zombies (D:9)
  5 rats
191 creatures vanquished.

Vanquished Creatures (others)
  An orc wizard (D:5)
  54 fungi
  41 plants
96 creatures vanquished.

Grand Total: 287 creatures vanquished

Notes
Turn   | Place    | Note
-------+----------+-------------------------------------------
     0 | D:1      | Flarelocke the Troll Fighter began the quest for the Orb.
     0 | D:1      | Reached XP level 1. HP: 22/22 MP: 0/0
   127 | D:1      | Reached XP level 2. HP: 29/29 MP: 1/1
   962 | D:2      | Found Pydir's General Store.
   972 | D:2      | Reached XP level 3. HP: 33/36 MP: 2/2
  1071 | D:2      | Noticed Natasha
  1072 | D:2      | Noticed Sigmund
  1340 | D:2      | Reached XP level 4. HP: 44/44 MP: 3/3
  1345 | D:2      | Found an iron altar of Okawaru.
  1355 | D:2      | Killed Natasha
  1558 | D:2      | Killed Sigmund
  1559 | D:2      | Reached skill level 3 in Unarmed Combat
  1559 | D:2      | Reached XP level 5. HP: 25/53 MP: 4/4
  1595 | D:2      | Noticed Natasha
  1604 | D:2      | Killed Natasha
  1605 | D:2      | Reached XP level 6. HP: 61/61 MP: 5/5
  1636 | D:2      | Noticed Natasha
  1648 | D:2      | Killed Natasha
  2433 | D:4      | Reached skill level 4 in Unarmed Combat
  2439 | D:4      | Found Wiatoc's Jewellery Shoppe.
  2451 | D:4      | Found a staircase to the Ecumenical Temple.
  2470 | Temple   | Entered the Ecumenical Temple
  2684 | Temple   | Became a worshipper of the Wu Jian Council
  2910 | D:4      | Found a sacrificial altar of Ru.
  3049 | D:4      | Found a burning altar of Makhleb.
  3056 | D:4      | Reached XP level 7. HP: 68/68 MP: 6/6
  3235 | D:5      | Entered Level 5 of the Dungeon
  3429 | D:5      | Found a hide-covered altar of Uskayaw.
  3431 | D:5      | Noticed Blork the orc
  3448 | D:5      | Killed Blork the orc
  3846 | D:6      | Noticed Menkaure
  3856 | D:6      | Killed Menkaure
  3857 | D:6      | Reached skill level 5 in Unarmed Combat
  3857 | D:6      | Reached XP level 8. HP: 16/79 MP: 7/7
  3948 | D:6      | Found a white marble altar of Elyvilon.
  3948 | D:6      | Found a glowing golden altar of the Shining One.
  3948 | D:6      | Found a glowing silver altar of Zin.
  4137 | D:6      | Found a blossoming altar of Fedhas.
  4158 | D:6      | Reached skill level 5 in Dodging
  4178 | D:6      | Found a hazy altar of Hepliaklqana.
  4435 | D:7      | Reached skill level 5 in Fighting
  4435 | D:7      | Reached skill level 5 in Shields
  4467 | D:7      | Reached * piety under Wu Jian
  4600 | D:7      | Reached skill level 6 in Unarmed Combat
  4957 | D:8      | Reached XP level 9. HP: 61/88 MP: 8/8
  5063 | D:8      | Found an opulent altar of Gozag.
  5215 | D:8      | Found a radiant altar of Vehumet.
  5257 | D:8      | Reached ** piety under Wu Jian
  5270 | D:8      | Reached skill level 1 in Armour
  5726 | D:9      | Noticed a two-headed ogre
  5732 | D:9      | Killed a two-headed ogre
  5733 | D:9      | Reached skill level 7 in Unarmed Combat
  5855 | D:9      | Found a staircase to the Orcish Mines.
  5886 | D:9      | Reached *** piety under Wu Jian
  5969 | D:9      | Found Roug's Jewellery Shoppe.
  5980 | D:9      | Reached XP level 10. HP: 92/100 MP: 9/9
  6096 | D:9      | Noticed a two-headed ogre
  6102 | D:9      | Found a staircase to the Lair.
  6113 | D:9      | Killed a two-headed ogre
  6118 | D:9      | Slain by a wight

Illustrated notes

Levels and vault maps discovered:
D:1:      dpeg_cavernosity, layout_basic, item_on_display_a
D:2:      layout_loops_ring, basic_altar, serial_shops,
          nicolae_shop_temple_entry_statues_fountains, roderic_serpentine_path,
          uniq_natasha, uniq_sigmund
D:3:      layout_basic, nrook_mini_backslash, minmay_splitting_lines
D:4:      layout_cave_pools, nicolae_ru_awakened_eye, makhleb_heckhound_becter,
          minmay_temple_entry_statues_pillars, serial_shops, nicolae_shop_trees,
          cheibrodos_sewer_entry_bend
D:5:      layout_rooms, nicolae_overflow_crystal_walls, uniq_blork_the_orc
D:6:      layout_cave_pools, good_gods_mini_temple, lemuel_tele_altar,
          fedhas_ov_isle_minmay, uniq_menkaure
D:7:      layout_rooms
D:8:      layout_basic, mainiacjoe_overflow_chevrons, vehumet_statue
D:9:      layout_irregular_city, due_lair_maze_entry_diamond, zombieorc2_lemuel,
          serial_shops, nicolae_shop_competitors_out_of_business,
          kennysheep_small_circle
Temple:   minmay_temple_bridge_abc

Skill      XL: |  1  2  3  4  5  6  7  8  9 10 |
---------------+-------------------------------+-----
Fighting       | 3 4 5 6 |  6.5
Dodging        | 3 4 5 6 |  6.4
Shields        | 3 4 5 6 |  6.5
Unarmed Combat | 3 4 5 6 7 |  7.4
Armour         | 2 3 |  3.0

Action                   |  1- 3 |  4- 6 |  7- 9 | 10-12 || total
-------------------------+-------+-------+-------+-------++-------
Melee: Unarmed           |   121 |   116 |   366 |    24 ||   627
Invok: Lunge             |       |       |    25 |     1 ||    26
       Whirlwind         |       |       |     1 |     6 ||     7
  Use: Potion            |       |       |       |     1 ||     1
Armor: Robe              |    32 |    32 |    41 |       ||   105
       Acid dragon scale |       |       |    54 |     4 ||    58
Dodge: Dodged            |    34 |    37 |   192 |    15 ||   278
Block: Kite shield       |    55 |    41 |   220 |    18 ||   334
